 Dungeon Crawl Stone Soup version 0.25-a0-861-g340c9e8194 (webtiles) character file.

Game seed: 9529616866599783831, levelgen mode: deterministic

4411 Lugonue the Markscentaur (level 10, -24/73 HPs)
             Began as a Centaur Hunter on Apr 29, 2020.
             Was an Initiate of Okawaru.
             Killed from afar by a fire dragon (44 damage)
             ... with a blast of flame
             ... on level 9 of the Dungeon.
             The game lasted 00:14:39 (7977 turns).

Lugonue the Markscentaur (Centaur Hunter)           Turns: 7977, Time: 00:14:40

Health: -24/73     AC:  5    Str: 18    XL:     10   Next: 14%
Magic:  10/10      EV:  9    Int: 10    God:    Okawaru [......]
Gold:   388        SH:  0    Dex: 10    Spells: 9/9 levels left

rFire    . . .     SeeInvis .   a - +2 shortbow
rCold    . . .     Gourm    .   (shield currently unavailable)
rNeg     . . .     Faith    .   w - +0 troll leather armour
rPois    .         Spirit   .   (no helmet)
rElec    .         Reflect  .   (no cloak)
rCorr    .         Harm     .   (no gloves)
MR       .....     Rnd*Tele +   (no barding)
Stlth    +.........             (no amulet)
HPRegen  0.62/turn              p - ring of teleportation (curse)
MPRegen  0.12/turn              (no ring)

@: lethally poisoned (-24 -> -25), very quick
A: large, hooves 3, deformed body, speed 2, tough skin 3
a: Renounce Religion


You were on level 9 of the Dungeon.
You worshipped Okawaru.
Okawaru was noncommittal.
You were not hungry.

You visited 2 branches of the dungeon, and saw 10 of its levels.

You collected 388 gold pieces.

Inventory:

Hand Weapons
 a - a +2 shortbow (weapon)
 b - a +0 short sword
 h - a +1 dagger of electrocution
Missiles
 d - 22 arrows (quivered)
Armour
 u - +0 acid dragon scales
 w - a +0 troll leather armour (worn)
Jewellery
 p - a cursed ring of teleportation (left hand)
Wands
 q - a wand of polymorph (8)
 v - a wand of flame (17)
Scrolls
 c - a scroll of immolation {unknown}
 e - 2 scrolls of amnesia {unknown}
 i - a scroll of enchant weapon
 k - 7 scrolls of identify
 l - 2 scrolls of magic mapping
 m - a scroll of fog {unknown}
 r - a scroll of blinking {unknown}
 s - 2 scrolls of remove curse {unknown}
 t - a scroll of summoning {unknown}
Potions
 g - a potion of stabbing
 n - a potion of brilliance {unknown}
Comestibles
 f - 13 rations


   Skills:
 - Level 2.0 Fighting
 + Level 18.2 Bows
 - Level 1.3 Dodging
 - Level 0.4 Stealth


You had 9 spell levels left.
You didn't know any spells.
Your spell library contained the following spells:

 Spells                   Type           Power        Failure   Level  Hunger
 Animate Skeleton         Necr           N/A          41%         1    ##.....
 Freeze                   Ice            #...         41%         1    ##.....
 Pain                     Necr           #...         41%         1    ##.....
 Frozen Ramparts          Ice            #.....       80%         3    ####...
 Ozocubu's Armour         Chrm/Ice       #.......     80%         3    ####...
 Vampiric Draining        Necr           #.........   80%         3    ####...
 Animate Dead             Necr           N/A          99%         4    #####..
 Hailstorm                Conj/Ice       #.......     99%         4    #####..
 Summon Ice Beast         Ice/Summ       #.......     99%         4    #####..
 Agony                    Necr           #.......     100%        5    ######.


Dungeon Overview and Level Annotations

Branches:
Dungeon (9/15)             Temple (1/1) D:4            Lair (0/6) D:9
    Orc: D:9-12

Altars:
Ashenzari
Cheibriados
Dithmenos
Elyvilon
Fedhas
Gozag
Kikubaaqudgha
Makhleb
Nemelex Xobeh
Okawaru
Qazlal
Ru
Sif Muna
Trog
Uskayaw
Vehumet
Wu Jian
Xom
Yredelemnul
Zin
The Shining One

Shops:
D:5 [

Annotations:
D:7 Harold


Innate Abilities, Weirdness & Mutations

You have hooves in place of feet.
Armour fits poorly on your strangely shaped body.
You cover ground very quickly.
You have extremely tough skin. (AC +3)


Message History

Unknown command.
Okay, then.
Unknown command.
A fire dragon comes into view.
You feel sick.
The fire dragon roars deafeningly!
A quokka and a hound come into view.
The hound barks!
The fire dragon breathes flames at you. The blast of flame misses you.
The orc barely misses you.
Found 11 gold pieces.
Found an escape hatch in the ceiling.
Found a staircase to the Lair.
You feel sick.
You feel sick.
You feel sick.
You feel sick. The fire dragon breathes flames at you.
The blast of flame hits you!!!
Ouch! That really hurt!
You die...

### ...# ≈≈≈§...#####
#..§§§≈≈§.§.....#
#.§§§§§§§§§##...########
#..≈≈§>§≈≈......@.......
..$.≈§..≈≈.##...########
....§≈§§≈≈........#
....§§§§§§hD#...#.#
........§§.so...#.#
..........###........
....oo##### ####.....
.....o.###...# #.....
...........# .....


You could see a fire dragon, a scorpion, a hound and an orc.

Vanquished Creatures
  A two-headed ogre (D:8)
  Maggie (D:6)
  A troll (D:8)
  Eustachio (D:6)
  Menkaure (D:6)
  Edmund (D:5)
  3 sky beasts
  An orc warrior (D:9)
  A black bear (D:6)
  4 ogres
  A phantom (D:5)
  4 centaurs
  A big kobold (D:6)
  3 bullfrogs
  A scorpion (D:4)
  4 killer bees (D:8)
  4 crimson imps
  A bullfrog zombie (D:8)
  A centaur zombie (D:5)
  5 hounds
  3 jellies
  4 orc priests
  A gnoll shaman (D:6)
  A bullfrog skeleton (D:8)
  A centaur skeleton (D:5)
  Jessica (D:2)
  2 iguanas
  2 orc wizards (D:5)
  5 worker ants
  A howler monkey zombie (D:4)
  6 gnolls
  11 adders
  A shadow imp (D:5)
  2 oozes
  An adder zombie (D:6)
  An adder skeleton (D:4)
  3 worms
  2 leopard geckos
  21 orcs
  11 giant cockroaches
  5 goblins
  4 hobgoblins
  7 jackals
  13 kobolds
  3 quokkas
  8 bats
  4 frilled lizards
  A jackal skeleton (D:6)
  A quokka skeleton (D:5)
  3 rats
169 creatures vanquished.

Notes
Turn   | Place    | Note
-------+----------+-------------------------------------------
     0 | D:1      | Lugonue the Centaur Hunter began the quest for the Orb.
     0 | D:1      | Reached XP level 1. HP: 17/17 MP: 1/1
   284 | D:1      | Found a shattered altar of Ashenzari.
   388 | D:1      | Reached skill level 6 in Bows
   388 | D:1      | Reached XP level 2. HP: 6/24 MP: 2/2
   797 | D:2      | Reached XP level 3. HP: 11/29 MP: 3/3
  1092 | D:2      | Reached skill level 7 in Bows
  1349 | D:2      | Noticed Jessica
  1356 | D:2      | Killed Jessica
  1356 | D:2      | Reached XP level 4. HP: 32/36 MP: 4/4
  1368 | D:2      | Reached skill level 8 in Bows
  1552 | D:2      | Found a sparkling altar of Nemelex Xobeh.
  1646 | D:2      | Reached XP level 5. HP: 24/41 MP: 5/5
  2427 | D:4      | Reached skill level 9 in Bows
  2581 | D:4      | Reached XP level 6. HP: 42/48 MP: 6/6
  2647 | D:4      | Found a staircase to the Ecumenical Temple.
  2670 | D:4      | Reached skill level 10 in Bows
  2697 | Temple   | Entered the Ecumenical Temple
  3341 | D:5      | Entered Level 5 of the Dungeon
  3358 | D:5      | Reached skill level 11 in Bows
  3358 | D:5      | Reached XP level 7. HP: 25/55 MP: 7/7
  3686 | D:5      | Noticed Edmund
  3724 | D:5      | Killed Edmund
  3842 | D:5      | Reached skill level 12 in Bows
  4588 | D:5      | Reached XP level 8. HP: 56/61 MP: 8/8
  4659 | D:5      | Reached skill level 13 in Bows
  4873 | D:5      | Found Naxoarar's Antique Armour Shoppe.
  4911 | D:6      | Noticed Menkaure
  4916 | D:6      | Killed Menkaure
  5315 | D:6      | Reached skill level 14 in Bows
  5664 | D:6      | Noticed Maggie
  6064 | D:6      | Reached skill level 15 in Bows
  6100 | D:6      | Noticed Eustachio
  6113 | D:6      | Killed Eustachio
  6113 | D:6      | Reached XP level 9. HP: 65/67 MP: 9/9
  6321 | D:6      | Killed Maggie
  6665 | D:7      | Reached skill level 16 in Bows
  6706 | D:7      | Noticed Harold
  6754 | D:8      | Noticed a two-headed ogre
  6790 | D:8      | Killed a two-headed ogre
  6790 | D:8      | Reached skill level 17 in Bows
  6972 | D:8      | Found an opulent altar of Gozag.
  6972 | D:8      | Found a burning altar of Makhleb.
  7030 | D:8      | Found a stormy altar of Qazlal.
  7030 | D:8      | Found a glowing golden altar of the Shining One.
  7030 | D:8      | Found a sacrificial altar of Ru.
  7030 | D:8      | Found an ornate altar of the Wu Jian Council.
  7030 | D:8      | Found an iron altar of Okawaru.
  7032 | D:8      | Found a shattered altar of Ashenzari.
  7250 | D:8      | Became a worshipper of Warmaster Okawaru
  7464 | D:8      | Noticed a troll
  7471 | D:8      | Killed a troll
  7471 | D:8      | Reached XP level 10. HP: 73/73 MP: 10/10
  7654 | D:8      | Reached skill level 18 in Bows
  7964 | D:9      | Noticed a fire dragon
  7965 | D:9      | Found a staircase to the Lair.
  7977 | D:9      | Killed from afar by a fire dragon

Levels and vault maps discovered:
D:1:      roderic_crossed_star, layout_basic, minmay_misc_feat_hallway,
          nrook_campfire, minivault_11, ashenzari_altar_1
D:2:      layout_rooms, nemelex_altar_shiori, serial_glass, glass_columns_a,
          glass_columns_a, minmay_worlds_worst_comb, uniq_jessica
D:3:      layout_basic, nicolae_overflow_crystal_walls
D:4:      layout_rooms, minmay_temple_entry_junction_2, first_ration,
          ebering_dispersal_statue_hall
D:5:      layout_loops_ring, serial_shops, kennysheep_mini_moat, uniq_edmund
D:6:      layout_gridville, uniq_maggie, uniq_eustachio, uniq_menkaure
D:7:      layout_rooms, serial_shops, nicolae_shop_trees, uniq_harold
D:8:      layout_loops_ring, grunt_temple_overflow_open
D:9:      minmay_chambers_of_sixes, layout_rooms, minmay_lair_entry_lava,
          special_room [special_room_orc]
Temple:   minmay_temple_bridge_abc

Skill      XL: |  1  2  3  4  5  6  7  8  9 10 |
---------------+-------------------------------+-----
Bows           | 6 7 8 9 11 12 15 17 18 | 18.2
Fighting       | |  2.0
Dodging        | |  1.3
Stealth        | |  0.4

Action                   |  1- 3 |  4- 6 |  7- 9 | 10-12 || total
-------------------------+-------+-------+-------+-------++-------
Melee: Short sword       |    15 |       |       |       ||    15
       Dagger            |    66 |    83 |     8 |       ||   157
       Kick              |    10 |    18 |     2 |       ||    30
 Fire: Shortbow          |     7 |    57 |   441 |    76 ||   581
  Use: Potion            |     1 |     2 |     2 |     2 ||     7
       Scroll            |       |     5 |     3 |     2 ||    10
  Eat: Chunk             |     1 |     4 |     7 |     1 ||    13
       Ration            |       |       |     1 |     2 ||     3
Armor: Leather armour    |    38 |    35 |    21 |       ||    94
       Skin              |       |     1 |       |       ||     1
       Acid dragon scale |       |       |    10 |       ||    10
       Troll leather arm |       |       |       |     6 ||     6
Dodge: Dodged            |    33 |    43 |    52 |    10 ||   138

Table legend:
 A = Non-vault XP
 B = Vault XP
 C = Vault XP percentage of total XP
 D = Non-vault monster count
 E = Vault monster count
 F = Vault count percentage of total count
                 A         B        C        D         E       F
            +---------+---------+-------+---------+---------+-------
      Total |    5308 |     994 |  15.8 |     154 |      15 |   8.9
            +---------+---------+-------+---------+---------+-------
        D:1 |      24 |       0 |   0.0 |       8 |       0 |   0.0
        D:2 |     139 |      51 |  26.8 |      22 |       8 |  26.7
        D:3 |      24 |       0 |   0.0 |      11 |       0 |   0.0
        D:4 |     450 |       0 |   0.0 |      14 |       0 |   0.0
        D:5 |     770 |     157 |  16.9 |      19 |       1 |   5.0
        D:6 |    1103 |     777 |  41.3 |      41 |       3 |   6.8
        D:7 |     169 |       0 |   0.0 |       3 |       0 |   0.0
        D:8 |    2330 |       0 |   0.0 |      27 |       0 |   0.0
        D:9 |     299 |       9 |   2.9 |       9 |       3 |  25.0
            +---------+---------+-------+---------+---------+-------
